 Dungeon Crawl Stone Soup version 0.30.1-1-g62c8e00024 (webtiles) character file.

Game seed: 6068906588331714174

1272 Peloso the Slasher (level 8, -1/60 (70) HPs)
             Began as a Minotaur Fighter on July 14, 2023.
             Slain by a wight
             ... wielding a +4 morningstar of freezing
              (4 damage)
             ... on level 7 of the Dungeon.
             The game lasted 00:08:25 (5058 turns).

Peloso the Slasher (Minotaur Fighter)               Turns: 5058, Time: 00:08:27

HP:   -1/60 (70)    AC: 13    Str: 20    XL:     8   Next: 28%
MP:   7/7           EV:  8    Int:  5    God:
Gold: 325           SH:  5    Dex: 13    Spells: 7/7 levels left

rFire   . . .        a - +0 long sword
rCold   . . .        d - +0 buckler
rNeg    . . .        c - +0 chain mail
rPois   .            (helmet restricted)
rElec   .            i - +2 cloak
rCorr   .            (no gloves)
SInv    .            (no boots)
Will    .....        t - amulet of the acrobat Stlth
                     (no ring)
HPRegen 0.30/turn    (no ring)
MPRegen 0.10/turn

%: acrobat
@: heavily drained
A: horns 2, retaliatory headbutt
a: no special abilities


You were on level 7 of the Dungeon.
You visited 1 branch of the dungeon, and saw 7 of its levels.

You collected 325 gold pieces.

Inventory:

Hand Weapons
 a - a +0 long sword (weapon)
Missiles
 A - 2 throwing nets (quivered)
Armour
 b - a +0 scale mail
 c - a +0 chain mail (worn)
 d - a +0 buckler (worn)
 i - a +2 cloak (worn)
Jewellery
 t - an amulet of the acrobat (around neck)
Wands
 n - a wand of flame (14)
 o - a wand of digging (1)
 y - a wand of acid (8)
Scrolls
 h - a scroll of immolation {unknown}
 j - 3 scrolls of teleportation
 m - 4 scrolls of amnesia {unknown}
 r - 3 scrolls of fear {unknown}
 u - a scroll of blinking {unknown}
 z - a scroll of fog {unknown}
 B - a scroll of silence {unknown}
 C - 3 scrolls of identify
Potions
 e - a potion of brilliance
 f - a potion of berserk rage
 g - 3 potions of might
 k - 2 potions of curing
 l - 3 potions of mutation
 p - 2 potions of degeneration {unknown}
 q - a potion of resistance {unknown}
 s - a potion of cancellation
 v - a potion of flight {unknown}
 w - 3 potions of heal wounds {unknown}
 x - 2 potions of haste


   Skills:
 + Level 6.1 Fighting
 + Level 7.7 Long Blades
 + Level 7.3 Armour
 + Level 2.1 Dodging
 + Level 1.2 Stealth
 + Level 5.1 Shields


You had 7 spell levels left.
You didn't know any spells.
Your spell library contained the following spells:

 Spells                   Type           Power      Damage    Failure   Level
 Ensorcelled Hibernation  Hex/Ice        0%         N/A       99%         2
 Passwall                 Tmut/Erth      0%         N/A       99%         2
 Inner Flame              Hex/Fire       0%         N/A       100%        3
 Ozocubu's Armour         Ice            0%         N/A       100%        3
 Swiftness                Air            0%         N/A       100%        3
 Volatile Blastmotes      Fire/Tloc      0%         2d10      100%        3
 Flame Wave               Conj/Fire      0%         2d4       100%        4
 Fulminant Prism          Conj/Hex       0%         3d5       100%        4
 Iskenderun's Mystic Bla  Conj/Tloc      0%         2d3       100%        4
 Sticky Flame             Conj/Fire      0%         2d3       100%        4
 Lee's Rapid Deconstruct  Erth           0%         3d4*      100%        5
 Yara's Violent Unravell  Hex/Tmut       0%         3d3       100%        5
 Enfeeble                 Hex            0%         N/A       100%        7
 Ozocubu's Refrigeration  Ice            0%         4d7       100%        7


Dungeon Overview and Level Annotations

Branches:
Dungeon (7/15)
 Temple: D:4-7

Altars:
Cheibriados
Gozag


Innate Abilities, Weirdness & Mutations

You have a pair of horns on your head.
You reflexively headbutt those who attack you in melee.


Message History

The wight barely misses you.
You closely miss the wight. Your headbutt misses the wight.
The wight is severely damaged.
The wight hits you with a +0 short sword.
You hit the wight but do no damage.
The wight is severely damaged.
The wight hits you but does no damage.
You barely miss the wight.
The wight is severely damaged.
The wight barely misses you. You furiously retaliate!
You headbutt the wight. You slash the wight!
You destroy the wight!
You barely miss the wight.
The wight hits you with a +4 morningstar of freezing.
You feel drained. The wight freezes you.
You hit the wight but do no damage. You headbutt the wight.
The wight is lightly damaged.
The wight hits you with a +4 morningstar of freezing.
You feel drained. The wight freezes you.
You closely miss the wight.
The wight is lightly damaged.
The wight hits you with a +4 morningstar of freezing.
The wight freezes you.
You barely miss the wight.
The wight hits you with a +4 morningstar of freezing!
You feel drained. The wight freezes you.
You barely miss the wight. Your headbutt misses the wight.
The wight hits you with a +4 morningstar of freezing!
* * * LOW HITPOINT WARNING * * *
You feel drained.
* * * LOW HITPOINT WARNING * * *
The wight freezes you.
* * * LOW HITPOINT WARNING * * *
You feel better.
The wight hits you with a +4 morningstar of freezing!
* * * LOW HITPOINT WARNING * * *
You feel drained.
* * * LOW HITPOINT WARNING * * *
The wight freezes you.
You die...

.. .. #. #. #.##
..# #.# #<# #@#
#z## #..# #..#
#..#
#####.#######
#####...#........
#............####
#...........##


You could see a wight.

Vanquished Creatures
  A water moccasin (D:6)
  2 ice beasts (D:5)
  A phantom (D:5)
  A scorpion (D:4)
  4 wights
  3 hounds (D:4)
  A jelly (D:4)
  A gnoll bouda (D:4)
  An orc priest (D:5)
  4 sleepcaps
  2 iguanas
  Natasha (thrice) (D:3)
  5 gnolls (D:4)
  7 adders
  2 shadow imps (D:6)
  A white imp (D:3)
  An ufetubus (D:5)
  4 worms
  9 orcs
  An endoplasm (D:4)
  A giant cockroach (D:3)
  14 hobgoblins
  2 jackals (D:3)
  2 quokkas (D:1)
  6 ball pythons
  A bat (D:1)
  A frilled lizard (D:1)
  9 goblins
  6 kobolds
  2 rats (D:1)
98 creatures vanquished.

Notes
Turn   | Place    | Note
-------+----------+-------------------------------------------
     0 | D:1      | Peloso the Minotaur Fighter began the quest for the Orb.
     0 | D:1      | Reached XP level 1. HP: 19/19 MP: 0/0
   426 | D:1      | Reached XP level 2. HP: 27/27 MP: 1/1
   680 | D:1      | Found a faded altar of an unknown god.
  1076 | D:2      | Reached XP level 3. HP: 33/33 MP: 2/2
  1751 | D:3      | Reached XP level 4. HP: 40/40 MP: 3/3
  1858 | D:3      | Reached skill level 5 in Armour
  1979 | D:3      | Found an opulent altar of Gozag.
  2016 | D:3      | Noticed Natasha
  2033 | D:3      | Killed Natasha
  2097 | D:3      | Found a snail-covered altar of Cheibriados.
  2344 | D:3      | Noticed Natasha
  2357 | D:3      | Killed Natasha
  2358 | D:3      | Reached XP level 5. HP: 46/46 MP: 4/4
  2697 | D:3      | Noticed Natasha
  2703 | D:3      | Killed Natasha
  2823 | D:4      | Reached XP level 6. HP: 17/53 MP: 5/5
  3125 | D:4      | Reached skill level 5 in Long Blades
  3321 | D:4      | Reached skill level 5 in Fighting
  3617 | D:5      | Entered Level 5 of the Dungeon
  3795 | D:5      | Noticed an ice beast
  3811 | D:5      | Killed an ice beast
  3812 | D:5      | Reached XP level 7. HP: 61/61 MP: 6/6
  3826 | D:5      | Found Wikuppabb's Assorted Antiques.
  3834 | D:5      | Reached skill level 1 in Dodging
  3895 | D:5      | Reached skill level 1 in Stealth
  4837 | D:6      | Reached skill level 5 in Shields
  4837 | D:6      | Reached XP level 8. HP: 70/70 MP: 7/7
  4938 | D:6      | You fall into a shaft and drop 1 floor!
  5058 | D:7      | HP: 3/60 [wight/+4 morningstar of freezing (1)]
  5058 | D:7      | Slain by a wight

Illustrated notes

Levels and vault maps discovered:
D:1:      matt_arrival_refuge, layout_loops_corners, basic_ecumenical_altar
D:2:      layout_basic, nicolae_figureground_sparkle
D:3:      layout_basic, amcnicky_altar_gilded, old_standard_altar,
          nicolae_kite_square_tiling_tiny, uniq_natasha
D:4:      layout_basic
D:5:      layout_basic, serial_shops, shop, kennysheep_generic_room_5
D:6:      layout_basic, mainiacjoe_overflow_divided_tiny, uniq_maggie,
          uniq_pikel
D:7:      layout_cave_pods, temple_green, minmay_small_thing

Skill      XL: |  1  2  3  4  5  6  7  8 |
---------------+-------------------------+-----
Armour         | 4 5 6 7 |  7.3
Fighting       | 4 5 6 |  6.1
Long Blades    | 3 4 5 7 |  7.7
Shields        | 4 5 |  5.1
Dodging        | 1 2 |  2.1
Stealth        | 1 |  1.2

Action                     |  1- 3 |  4- 6 |  7- 9 || total
---------------------------+-------+-------+-------++-------
  Melee: Long sword        |    81 |   141 |   102 ||   324
         Headbutt          |    14 |    30 |    25 ||    69
         Punch             |     1 |       |       ||     1
    Use: Potion            |     2 |       |     1 ||     3
         Scroll            |     4 |     3 |       ||     7
 Armour: Chain mail        |    49 |    90 |    46 ||   185
         Scale mail        |     3 |       |       ||     3
  Dodge: Dodged            |    34 |    53 |    43 ||   130
  Block: Buckler           |     9 |    36 |    20 ||    65
